[Event "*** Titled Tuesday Blitz"]
[Site "Chess.com"]
[Date "2019.04.02"]
[Round "8"]
[White "MikaelyanArman"]
[Black "NikolaN98"]
[Result "1-0"]
[WhiteElo "2744"]
[BlackElo "2525"]
[TimeControl "180+2"]
[EndTime "15:48:38 PDT"]
[Termination "MikaelyanArman won by checkmate"]

1. e4 c5 2. Nc3 g6 3. f4 Bg7 4.
Nf3 Nc6 5. Bb5 Nd4 6. O-O Nxb5 7. Nxb5 d5 8. exd5 a6 9. Nc3 Nf6 10. d4 Nxd5 11. Nxd5 Qxd5 12. Be3 c4 13. c3 Bg4 14. h3 Bxf3 15. Rxf3 e6 16. Qe1 h5 17. Qh4 Qf5 18.
Re1 Bf6 19. Qf2 O-O-O 20. Bd2 Kb8 21. Qe2 Qc2 22. Rf2 Rc8 23. f5 Ka8 24. Qf3 Bh4 25. g3 Bxg3 26. Qxg3 gxf5 27. Bg5 Qa4 28. h4 Qxa2 29.
d5 exd5 30. Re7 f6 31. Bxf6 Rhg8 32. Bg5 Rg6 33. Qe5 Qa4 34. Qxf5 Rgc6 35. Qxd5 Qb3 36. Be3 Rg6+ 37. Kh2 Rcg8 38. Qd4 Kb8 39. Qa7+ Kc8 40. Qa8# 1-0

[Event "*** Titled Tuesday Blitz"]
[Site "Chess.com"]
[Date "2019.04.02"]
[Round "8"]
[White "Twiceblessed"]
[Black "nutibara"]
[Result "1-0"]
[WhiteElo "2573"]
[BlackElo "2413"]
[TimeControl "180+2"]
[EndTime "15:48:41 PDT"]
[Termination "Twiceblessed won by resignation"]

1. d4 d5 2. c4 c6 3. cxd5 cxd5 4. Bg5 f6 5. Bd2 Nc6 6. Nc3 Nxd4 7. e3 Nc6 8. Qh5+ g6 9. Qxd5 Bf5 10. e4 Qxd5 11. Nxd5 O-O-O 12. exf5 Rxd5 13. fxg6 hxg6 14. Nf3 e5 15. Bc4 Rd6 16. Be3 Bh6 17. Bc5 Rd8 18.
O-O Nge7 19. Rfd1 Kc7 20. Bb3 Nf5 21. Rxd8 Rxd8 22. Rd1 Nfd4 23. Nxd4 Nxd4 24. Be7 Rd7 25. Bxf6 Nxb3 26. Bxe5+ Kc6 27. Rxd7 Kxd7 28. axb3 Ke6 29. f4 Kd5 30. Kf2 Ke4 31. Kg3 Ke3 32. h4 a6 33.
Kg4 Kf2 34. h5 gxh5+ 35. Kxh5 Bf8 36. g4 1-0

[Event "*** Titled Tuesday Blitz"]
[Site "Chess.com"]
[Date "2019.04.02"]
[Round "8"]
[White "KhalilMousavi77"]
[Black "Witik"]
[Result "1-0"]
[WhiteElo "2735"]
[BlackElo "2620"]
[TimeControl "180+2"]
[EndTime "15:48:43 PDT"]
[Termination "KhalilMousavi77 won by checkmate"]

1. e4 c6 2. d4 d5 3. e5 Bf5 4.
Nf3 e6 5. Be3 Qb6 6. b3 c5 7. c4 cxd4 8. Nxd4 Bxb1 9. Rxb1 Bb4+ 10. Ke2 Bc5 11. b4 Bxd4 12. Bxd4 Qa6 13. b5 Qxa2+ 14.
Rb2 Qxc4+ 15. Kf3 Qc8 16. Rc2 Qd8 17. b6 a6 18. Rc7 Ne7 19. Bc5 Nbc6 20. Bd6 O-O 21.
Rxb7 Ng6 22. Bxf8 Ngxe5+ 23. Ke2 Qxf8 24. f4 Nc4 25. Kf3 N6a5 26. Rc7 Nxb6 27. Qd4 Nac4 28. Bxc4 Nxc4 29. Rb1 Rc8 30. Rxc8 Qxc8 31. Kg3 h5 32. Qa7 Qc6 33. Rb8+ Kh7 34. Qxf7 Nd6 35. Qxh5# 1-0

[Event "*** Titled Tuesday Blitz"]
[Site "Chess.com"]
[Date "2019.04.02"]
[Round "8"]
[White "ChainsOfFantasia"]
[Black "ElGasanov"]
[Result "0-1"]
[WhiteElo "2460"]
[BlackElo "2676"]
[TimeControl "180+2"]
[EndTime "15:48:43 PDT"]
[Termination "ElGasanov won by resignation"]

1. d4 d6 2. Nf3 g6 3. c4 Bg7 4. g3 Nd7 5. Bg2 e5 6. O-O Ne7 7. Nc3 O-O 8. h3 f5 9. dxe5 dxe5 10. Qb3 Nc5 11. Qa3 Ne6 12. Rd1 Qe8 13. Nd5 Nc6 14.
e3 e4 15. Nd4 Ncxd4 16. exd4 Nxd4 17. Nxc7 Qd8 18. Rxd4 Qxc7 19. Rd1 Qxc4 20. Be3 Be6 21. b3 Qa6 22. Qxa6 bxa6 23. Rac1 Rac8 24. Bxa7 Bb2 25. Rxc8 Rxc8 26. Bf1 a5 27. Rd6 Kf7 28. Bb6 Rc1 29. Bxa5 f4 30. g4 f3 31. Bd2 Ra1 32. g5 Rxa2 33. Bc4 Bxc4 34. bxc4 Ra1+ 35. Kh2 Be5+ 0-1

[Event "*** Titled Tuesday Blitz"]
[Site "Chess.com"]
[Date "2019.04.02"]
[Round "8"]
[White "mlchen"]
[Black "scrapnel"]
[Result "0-1"]
[WhiteElo "2393"]
[BlackElo "2520"]
[TimeControl "180+2"]
[EndTime "15:48:49 PDT"]
[Termination "scrapnel won by resignation"]

1. e4 g6 2. d4 Bg7 3. Nc3 d6 4. f4 a6 5. Nf3 b5 6. Bd3 Nd7 7.
O-O c5 8. d5 Bb7 9. Kh1 c4 10.
Be2 Nc5 11. Nd4 b4 12. Nb1 Nxe4 13. Bxc4 Ngf6 14. f5 O-O 15. fxg6 hxg6 16. Nd2 Nc5 17. N2b3 Rc8 18. Nf3 Nce4 19. Qe2 Qc7 20. Bd3 Bxd5 21. Bxa6 Bc4 22. Bxc4 Qxc4 23. Qxc4 Rxc4 24. Nfd2 Rxc2 25. Nxe4 Nxe4 26. Rb1 Rb8 27. Kg1 f5 28. Re1 Kf7 29.
h3 Bf6 30. Rf1 Ra8 31. a3 bxa3 32. bxa3 Rb8 33. a4 Nc3 34. Rb2 Ne2+ 35. Kh1 Bxb2 0-1

[Event "*** Titled Tuesday Blitz"]
[Site "Chess.com"]
[Date "2019.04.02"]
[Round "8"]
[White "suyu28"]
[Black "IMDT02"]
[Result "0-1"]
[WhiteElo "2546"]
[BlackElo "2448"]
[TimeControl "180+2"]
[EndTime "15:48:50 PDT"]
[Termination "IMDT02 won by resignation"]

1. d4 Nf6 2. Bf4 Nc6 3. e3 d6 4. Nf3 g6 5. c4 Bg7 6. h3 O-O 7. Nc3 a6 8. Be2 Nh5 9. Bh2 e5 10. d5 Ne7 11. O-O h6 12. c5 f5 13. e4 f4 14. b4 Nf6 15. a4 g5 16. b5 dxc5 17.
Nxe5 Ne8 18. d6 Qxd6 19. Qb3+ Be6 20. Bc4 Bxc4 21. Nxc4 Qe6 22. Rad1 Nd6 23. Nd5 Nxd5 24. exd5 Qf7 25. Rfe1 axb5 26. axb5 Rae8 27. Nxd6 cxd6 28.
Re6 Be5 29. h4 Kg7 30. hxg5 hxg5 31. Qh3 Rh8 32. Qg4 Rxe6 33. dxe6 Qh5 34. Qxh5 Rxh5 35.
Ra1 Kf6 36. Ra7 Rh7 37. g3 f3 38. Ra8 Kxe6 39. Rf8 Rf7 40. Rg8 Rg7 41. Rf8 g4 42.
Kf1 Kd5 43. Ke1 Rh7 44. Bg1 Kc4 45. Rg8 Rg7 46. Rc8 Kxb5 47. Kd2 Rh7 48. Ke1 Bc3+ 49.
Kf1 Re7 0-1

[Event "*** Titled Tuesday Blitz"]
[Site "Chess.com"]
[Date "2019.04.02"]
[Round "8"]
[White "SaraciNderim"]
[Black "Alopekos"]
[Result "1-0"]
[WhiteElo "2720"]
[BlackElo "2486"]
[TimeControl "180+2"]
[EndTime "15:48:53 PDT"]
[Termination "SaraciNderim won by resignation"]

1. Nf3 Nf6 2. g3 d5 3. Bg2 e6 4.
O-O Be7 5. d4 O-O 6. c4 dxc4 7.
Qc2 b5 8. a4 b4 9. Qxc4 Ba6 10.
Qc2 Nbd7 11. Rd1 Rb8 12. Ne5 Nxe5 13. dxe5 Nd5 14. b3 f5 15. Bb2 Qe8 16. e3 c5 17.
Nd2 Rd8 18. Nc4 Qh5 19. Nd6 Bxd6 20. exd6 Rxd6 21. Qxc5 Rdd8 22. Bxd5 Rxd5 23. Rxd5 exd5 24. Qxa7 1-0

[Event "*** Titled Tuesday Blitz"]
[Site "Chess.com"]
[Date "2019.04.02"]
[Round "8"]
[White "Maili15"]
[Black "novocane"]
[Result "1-0"]
[WhiteElo "2274"]
[BlackElo "2194"]
[TimeControl "180+2"]
[EndTime "15:48:54 PDT"]
[Termination "Maili15 won by resignation"]

1. d4 Nf6 2. c4 e6 3. Nc3 Bb4 4. e3 O-O 5. Bd3 d5 6. Nf3 c5 7.
O-O cxd4 8. exd4 dxc4 9. Bxc4 b6 10. Bg5 Bb7 11. Ne5 Be7 12. Qd3 Nbd7 13. Rfd1 Nxe5 14. dxe5 Nd5 15. Bxe7 Nxe7 16. Qh3 Qc7 17. Bd3 g6 18. Re1 Rad8 19. Rad1 Rd7 20. Nb5 Qd8 21. Nd6 Bd5 22. Bb5 Rc7 23. Ne4 Bxe4 24. Rxd8 Rxd8 25. Rxe4 Rd1+ 26.
Bf1 Rcc1 27. g4 g5 28. f4 h6 29. fxg5 hxg5 30. Re2 Ng6 31. Rf2 Nf4 32. Qe3 Nh3+ 33. Qxh3 1-0

[Event "*** Titled Tuesday Blitz"]
[Site "Chess.com"]
[Date "2019.04.02"]
[Round "8"]
[White "martinjogstad99"]
[Black "stepanosinovsky"]
[Result "0-1"]
[WhiteElo "2232"]
[BlackElo "2325"]
[TimeControl "180+2"]
[EndTime "15:48:55 PDT"]
[Termination "stepanosinovsky won by checkmate"]

1. Nf3 Nf6 2. e3 g6 3. d4 Bg7 4. c4 O-O 5. Be2 d6 6. O-O Nbd7 7. Qc2 e5 8. Rd1 e4 9. Nfd2 Re8 10. Nc3 Qe7 11. b4 h5 12. a4 Nf8 13. a5 h4 14. h3 N8h7 15. a6 b6 16. Bf1 Ng5 17. Ba3 Bxa6 18. b5 Bc8 19. c5 Bf5 20. Nc4 Red8 21. cxd6 cxd6 22. Rac1 Rac8 23. Qa4 Bf8 24. Na2 Qd7 25. Nb4 Bxh3 26. gxh3 Nxh3+ 27. Bxh3 Qxh3 28. Nd2 Ng4 29. Nf1 Qf3 30. Nd3 h3 31. Nf4 h2+ 32.
Nxh2 Qxf2+ 33. Kh1 Qxh2# 0-1

[Event "*** Titled Tuesday Blitz"]
[Site "Chess.com"]
[Date "2019.04.02"]
[Round "8"]
[White "AdrianaNikolova"]
[Black "Supernotar"]
[Result "1-0"]
[WhiteElo "2486"]
[BlackElo "2552"]
[TimeControl "180+2"]
[EndTime "15:48:56 PDT"]
[Termination "AdrianaNikolova won by resignation"]

1. e4 c6 2. d4 d5 3. Nd2 dxe4 4. Nxe4 Bf5 5. Ng3 Bg6 6. Nf3 Nd7 7. h4 h6 8. Bd3 Bxd3 9. Qxd3 e6 10. Bd2 Ngf6 11. O-O-O Be7 12. Ne4 Nxe4 13. Qxe4 Nf6 14. Qe2 Qd5 15. Kb1 O-O 16. Be3 a5 17. Ne5 a4 18. f3 a3 19. b3 Qa5 20. Bd2 Bb4 21.
Nc4 Qb5 22. Bxb4 Qxb4 23. Qd2 Qxd2 24. Rxd2 Nd5 25. Rd3 Nf4 26. Rd2 Rfd8 27. g3 Nd5 28.
Rd3 Nb4 29. Rd2 Nd5 30. Rd3 f6 31. c3 b5 32. Ne3 Kf7 33. Re1 Rd6 34. Nxd5 Rxd5 35.
Rde3 Rd6 36. Kc2 Rad8 37. b4 g5 38. hxg5 hxg5 39. Rh1 Kg6 40. Kb3 Ra8 41. Re2 Kg7 42.
Reh2 e5 43. Rh7+ Kg6 44. g4 1-0

[Event "*** Titled Tuesday Blitz"]
[Site "Chess.com"]
[Date "2019.04.02"]
[Round "8"]
[White "SF-96"]
[Black "Sanyura"]
[Result "1-0"]
[WhiteElo "2551"]
[BlackElo "2436"]
[TimeControl "180+2"]
[EndTime "15:48:56 PDT"]
[Termination "SF-96 won on time"]

1. e4 c5 2. Nf3 e6 3. d4 cxd4 4.
Nxd4 Nc6 5. Nc3 a6 6. Nxc6 bxc6 7. Bd3 d5 8. O-O Nf6 9. Re1 Be7 10. e5 Nd7 11. Qg4 g6 12. Bh6 Rb8 13. Rab1 Rb4 14. Qg3 Rh4 15. Bg7 Rg8 16. Bf6 Bxf6 17. exf6 Qxf6 18. Qc7 Ke7 19. Qxc6 Kd8 20. Bxa6 Bxa6 21. Qxa6 Rc4 22. Qa5+ Kc8 23. Nb5 Qf4 24. g3 Qb8 25. Re3 Rc5 26. Na7+ Kb7 27. Rb3+ 1-0

[Event "*** Titled Tuesday Blitz"]
[Site "Chess.com"]
[Date "2019.04.02"]
[Round "8"]
[White "m3alam"]
[Black "Eliwood44"]
[Result "1-0"]
[WhiteElo "2438"]
[BlackElo "2243"]
[TimeControl "180+2"]
[EndTime "15:48:57 PDT"]
[Termination "m3alam won by resignation"]

1. d4 Nf6 2. c4 e6 3. Nf3 b6 4. g3 Ba6 5. b3 d5 6. Bg2 dxc4 7. Ne5 Bb4+ 8. Bd2 cxb3 9. axb3 Bxd2+ 10. Nxd2 Nd5 11. Ndc4 O-O 12. O-O Bb7 13. Qd2 Nd7 14.
Rfc1 Nxe5 15. Nxe5 Qd6 16. Ra4 Rfd8 17. Qa2 a5 18. e3 Nb4 19. Qe2 Bxg2 20. Kxg2 Qd5+ 21. Kg1 Qxb3 22. Raa1 f6 23. Nc4 Rac8 24. Ra3 Qxa3 25.
Nxa3 c5 26. dxc5 bxc5 27. Qb5 Nd3 28. Rc3 Ne5 29. Rxc5 Rb8 30. Qxa5 Nf3+ 31. Kg2 Ne1+ 32. Kh3 Nf3 33. Rc7 Rd5 34. Qa6 Re8 35. Qb7 Rg5 36. Qxf3 1-0

[Event "*** Titled Tuesday Blitz"]
[Site "Chess.com"]
[Date "2019.04.02"]
[Round "8"]
[White "StoreySniper"]
[Black "HiHaruka"]
[Result "1-0"]
[WhiteElo "2459"]
[BlackElo "2218"]
[TimeControl "180+2"]
[EndTime "15:48:59 PDT"]
[Termination "StoreySniper won by resignation"]

1. e4 e6 2. d3 d5 3. Nd2 Nf6 4. Ngf3 c5 5. g3 b6 6. Bg2 Bb7 7. e5 Nfd7 8. O-O Qc7 9. Re1 d4 10. Nc4 Be7 11. Bf4 Bd5 12. Nd6+ Bxd6 13. exd6 Qb7 14.
Nh4 O-O 15. Be4 h6 16. Bxh6 Bxe4 17. Rxe4 gxh6 18. Qh5 Nf6 19. Qxh6 Nxe4 20. Re1 Qd5 21. Rxe4 f5 22. Qg6+ Kh8 23. Nxf5 Rxf5 24. Rh4+ Rh5 25.
Rxh5+ Qxh5 26. Qxh5+ Kg7 27. Qg4+ Kh8 28. Qh4+ Kg7 29.
Qe7+ Kg6 30. Qb7 1-0

[Event "*** Titled Tuesday Blitz"]
[Site "Chess.com"]
[Date "2019.04.02"]
[Round "8"]
[White "emperor87"]
[Black "gmjoey1"]
[Result "1-0"]
[WhiteElo "2719"]
[BlackElo "2516"]
[TimeControl "180+2"]
[EndTime "15:49:01 PDT"]
[Termination "emperor87 won on time"]

1. Nf3 Nf6 2. g3 b6 3. Bg2 Bb7 4. O-O g6 5. d3 Bg7 6. e4 O-O 7. e5 Ne8 8. d4 d6 9. Qe2 d5 10.
e6 Ba6 11. exf7+ Rxf7 12. Qe6 Bc8 13. Qe3 h6 14. Nc3 e6 15. h4 Nc6 16. Ne2 Nd6 17.
c3 Nf5 18. Qd3 a5 19. Re1 Ba6 20. Qc2 Qf6 21. Nf4 Re8 22. Nxd5 Qd8 23. Nf4 e5 24. dxe5 Bxe5 25. Nxe5 Nxe5 26. Be3 g5 27. Bd5 Qf6 28. hxg5 hxg5 29. Kg2 gxf4 30. Bxf4 c6 31. Bxf7+ Kxf7 32. Rad1 c5 33. Bxe5 Rxe5 34. Qb3+ Kg7 35. Rxe5 Qxe5 36. Qxb6 Qe4+ 37. Kg1 Qe2 38. Rd7+ Ne7 39. Rxe7+ Qxe7 40. Qxa6 Qe1+ 41. Qf1 Qd2 42. Qb1 c4 43. Qe4 1-0

[Event "*** Titled Tuesday Blitz"]
[Site "Chess.com"]
[Date "2019.04.02"]
[Round "8"]
[White "ilm2034"]
[Black "Nancy11111"]
[Result "1-0"]
[WhiteElo "2419"]
[BlackElo "2265"]
[TimeControl "180+2"]
[EndTime "15:49:01 PDT"]
[Termination "ilm2034 won by resignation"]

1. Nf3 d5 2. b3 Nf6 3. Bb2 g6 4. e3 Bg7 5. Be2 b6 6. O-O O-O 7. d3 Bb7 8. Nbd2 Nbd7 9. Ne5 Nxe5 10.
Bxe5 c5 11. f4 Qd7 12. Nf3 e6 13. Bb2 Rac8 14. Ne5 Qe7 15. a4 a5 16. g4 Rfd8 17. Qe1 d4 18. e4 Ne8 19. Nf3 e5 20. f5 Bh6 21. h4 Be3+ 22. Kh2 Bf4+ 23. Kh3 gxf5 24.
gxf5 Kh8 25. Bc1 Nf6 26. Bxf4 exf4 27. Qd2 Nh5 28. Ng5 Ng3 29. Rxf4 Nxe2 30. Qxe2 Rg8 31. Qh5 Rg7 32. f6 Qd7+ 33. Rf5 Rxg5 34. hxg5 Rg8 35.
Rh1 Rg6 36. Kg4 h6 37. Qxg6 fxg6 38. Rxh6+ Kg8 39. Rxg6+ Kf8 40. Rh6 Bxe4 41. Rh8+ Kf7 42. Rh7+ Ke6 43. Rxd7 Bxf5+ 44. Kf4 Kxd7 45. Kxf5 Kc6 46.
Ke6 b5 47. g6 c4 48. dxc4 bxc4 49. bxc4 Kc5 50. f7 Kxc4 51. g7 Kc3 52. Kd5 Kxc2 53. Kxd4 Kb3 54. g8=Q Kxa4 55. Kc4 Ka3 56. Qg1 Ka2 57.
Kc3 a4 58. Kc2 Ka3 59. Qb6 1-0

[Event "*** Titled Tuesday Blitz"]
[Site "Chess.com"]
[Date "2019.04.02"]
[Round "8"]
[White "Oleg_Papayan"]
[Black "Blitzstream"]
[Result "0-1"]
[WhiteElo "2514"]
[BlackElo "2683"]
[TimeControl "180+2"]
[EndTime "15:49:05 PDT"]
[Termination "Blitzstream won by resignation"]

1. e4 d5 2. exd5 Qxd5 3. Nc3 Qa5 4. d4 Nf6 5. Nf3 c6 6. Bc4 Bf5 7. Ne5 e6 8. Qe2 Nbd7 9. Bd2 Nxe5 10. dxe5 Nd7 11.
f4 h5 12. Ne4 Qb6 13. Bc3 O-O-O 14. Ng5 Bg4 15. Qf2 Bc5 16. Qg3 Rhf8 17. h3 Bf5 18. O-O-O h4 19. Qf3 a5 20. Ne4 Bxe4 21. Qxe4 Bb4 22.
Bd4 Bc5 23. Bxc5 Qxc5 24. Rhe1 Nb6 25. Rxd8+ Rxd8 26. Bd3 g6 27. f5 gxf5 28. Qxh4 Rxd3 29. Qf6 Rd7 30. h4 Qf2 31. Rh1 Qd2+ 0-1

[Event "*** Titled Tuesday Blitz"]
[Site "Chess.com"]
[Date "2019.04.02"]
[Round "8"]
[White "Perecke"]
[Black "HanSchut"]
[Result "1-0"]
[WhiteElo "2070"]
[BlackElo "2169"]
[TimeControl "180+2"]
[EndTime "15:49:06 PDT"]
[Termination "Perecke won by resignation"]

1. e4 c5 2. Nf3 d6 3. d4 cxd4 4. Nxd4 Nf6 5. Nc3 a6 6. h3 e6 7. g4 d5 8. Nde2 Bb4 9. Bg2 O-O 10. Bg5 h6 11. Bxf6 Qxf6 12. exd5 exd5 13. O-O Be6 14.
Nxd5 Bxd5 15. Qxd5 Nc6 16. Qb3 Rae8 17. Ng3 Bd6 18.
Qxb7 Nd4 19. Qxa6 Qf4 20. Rae1 Rxe1 21. Rxe1 Nxc2 22. Rd1 Bb8 23. Qd3 Nb4 24. Qd4 Qxd4 25. Rxd4 Nxa2 26. Nf5 Be5 27. Ra4 Nc1 28. b4 g6 29.
Ne7+ Kg7 30. Nc6 Bf4 31. b5 Re8 32. Rxf4 Re1+ 33. Kh2 Ne2 34. Re4 1-0

[Event "*** Titled Tuesday Blitz"]
[Site "Chess.com"]
[Date "2019.04.02"]
[Round "8"]
[White "Vegan4future"]
[Black "WPWPWP-2015"]
[Result "0-1"]
[WhiteElo "2479"]
[BlackElo "2365"]
[TimeControl "180+2"]
[EndTime "15:49:08 PDT"]
[Termination "WPWPWP-2015 won by resignation"]

1. Nc3 e5 2. Nf3 Nc6 3. d4 exd4 4. Nxd4 Nxd4 5. Qxd4 Qf6 6. Be3 Qxd4 7. Bxd4 c6 8.
e4 d6 9. O-O-O Be6 10. f4 Nf6 11. Bxf6 gxf6 12. g3 h5 13. Bg2 h4 14. Ne2 Bg4 15.
Rde1 O-O-O 16. Nd4 d5 17. c3 Bc5 18. h3 Be6 19. f5 Bxd4 20. cxd4 Bd7 21. g4 dxe4 22. Rxe4 Rde8 23. Rhe1 Kd8 24. Kd2 Rxe4 25. Rxe4 Kc7 26. Ke3 Kd6 27. Kf4 b6 28. b4 Rg8 29. a3 a5 30. Re3 axb4 31. axb4 Ra8 32. g5 fxg5+ 33. Kg4 Ra2 34. Bf3 f6 35. Kh5 Bxf5 36.
Kh6 Ra7 0-1

[Event "*** Titled Tuesday Blitz"]
[Site "Chess.com"]
[Date "2019.04.02"]
[Round "8"]
[White "FearNoEvil12"]
[Black "zurzan"]
[Result "1-0"]
[WhiteElo "2015"]
[BlackElo "2036"]
[TimeControl "180+2"]
[EndTime "15:49:12 PDT"]
[Termination "FearNoEvil12 won by checkmate"]

1. e4 d6 2. Nc3 Nf6 3. f4 d5 4. e5 Ne4 5. d3 Nxc3 6. bxc3 e6 7. Nf3 c5 8. d4 Nc6 9. Bd3 h6 10. O-O Qb6 11. Be3 c4 12. Be2 Qa5 13. Qd2 Bd7 14. Rab1 O-O-O 15. Nh4 g6 16. Bf3 Qa4 17. g4 h5 18. g5 Ba3 19. Ng2 h4 20. h3 Be7 21.
Kh2 Rdg8 22. Rb2 Bd8 23. Rfb1 b6 24. Bf2 Kb7 25. Ne1 Ka8 26. Bg2 Bc7 27. Nf3 Rb8 28.
Bxh4 a6 29. Bg3 b5 30. h4 Ba5 31. Be1 Rb7 32. Qf2 Rhb8 33. Qe3 b4 34. cxb4 Bxb4 35. Bxb4 Rxb4 36. Rxb4 Rxb4 37. Rxb4 Nxb4 38. c3 Nxa2 39. f5 exf5 40. e6 Bxe6 41. Ne5 Qb3 42. Nxg6 Qxc3 43. Qe5 Qd3 44. Nf4 Qd2 45. Nxe6 fxe6 46.
Qxe6 c3 47. Qxd5+ Kb8 48. Qb7# 1-0

[Event "*** Titled Tuesday Blitz"]
[Site "Chess.com"]
[Date "2019.04.02"]
[Round "8"]
[White "chessdjw"]
[Black "SloLev"]
[Result "1-0"]
[WhiteElo "2616"]
[BlackElo "2489"]
[TimeControl "180+2"]
[EndTime "15:49:13 PDT"]
[Termination "chessdjw won by resignation"]

1. e4 e5 2. Nf3 Nc6 3. Bc4 Bc5 4. c3 Nf6 5. d3 a6 6. a4 Ba7 7. O-O d6 8. h3 h6 9. Na3 O-O 10. Nc2 Be6 11. Bxe6 fxe6 12. Be3 Nh5 13. Bxa7 Rxa7 14. Nxe5 Nxe5 15. Qxh5 Nxd3 16. Nd4 Nf4 17. Qg4 Rf6 18. g3 Qe8 19. Kh2 Nd3 20. Qe2 Nc5 21.
b4 Nd7 22. a5 Ra8 23. Rae1 Qg6 24. f4 e5 25. f5 Qf7 26. Nf3 Rf8 27. g4 Qb3 28. Qd3 R6f7 29. Re2 Nf6 30. Rg1 Re8 31. g5 hxg5 32. Nxg5 Nh5 33. Nxf7 Qxf7 34. Reg2 Nf4 35. Rxg7+ Qxg7 36. Qc4+ Kh8 37. Rxg7 Kxg7 38. Qxc7+ Kh6 39. Qxd6+ Kg5 40. Kg3 Ne2+ 41. Kf3 Nf4 42. h4+ Kxh4 43. Qh6+ Nh5 44. Qg6 1-0

[Event "*** Titled Tuesday Blitz"]
[Site "Chess.com"]
[Date "2019.04.02"]
[Round "8"]
[White "Karina_Oparina"]
[Black "PawnEatingZombie"]
[Result "0-1"]
[WhiteElo "2228"]
[BlackElo "2147"]
[TimeControl "180+2"]
[EndTime "15:49:13 PDT"]
[Termination "PawnEatingZombie won by resignation"]

1. Nf3 d5 2. g3 e6 3. Bg2 Nf6 4. O-O b5 5. d4 Be7 6. a4 b4 7. c4 c5 8. dxc5 O-O 9. Nbd2 Na6 10. cxd5 Nxd5 11. e4 Nf6 12. e5 Nd5 13. Nb3 Nxc5 14. Nfd4 Bb7 15. Nxc5 Bxc5 16. Nb3 Be7 17. Qe2 Qb6 18.
a5 Qa6 19. Qxa6 Bxa6 20. Rd1 Rfd8 21. Bd2 Rac8 22. Rac1 h6 23. Be1 f6 24. f4 fxe5 25. fxe5 Bc4 26. Nd2 Be2 27. Nb3 Bxd1 28. Rxd1 Rc2 29.
Rd2 Rxd2 30. Bxd2 Rc8 31. Kf2 Rc2 32. Ke2 Rxb2 33. Nc1 Bg5 0-1

[Event "*** Titled Tuesday Blitz"]
[Site "Chess.com"]
[Date "2019.04.02"]
[Round "8"]
[White "medalja"]
[Black "Medvegy"]
[Result "1-0"]
[WhiteElo "2304"]
[BlackElo "2474"]
[TimeControl "180+2"]
[EndTime "15:49:16 PDT"]
[Termination "medalja won on time"]

1. d4 e6 2. c4 Bb4+ 3. Bd2 a5 4. Nc3 d6 5. g3 e5 6. dxe5 dxe5 7. Bg2 Nc6 8. a3 Bxc3 9. Bxc3 Qxd1+ 10. Rxd1 f6 11. f4 exf4 12. gxf4 Be6 13. c5 Nge7 14. Nf3 Bd5 15. Rg1 O-O 16. Nd4 Bxg2 17. Rxg2 Nxd4 18. Rxd4 Nc6 19. Rd7 Rf7 20. Rxf7 Kxf7 21. e4 Re8 22.
Re2 a4 23. Kf2 g6 24. Kf3 f5 25. exf5 gxf5 26. Rg2 Ke6 27. Rg7 Re7 28. Rg8 Kd5 29. Bf6 Rf7 30. Bc3 1-0

[Event "*** Titled Tuesday Blitz"]
[Site "Chess.com"]
[Date "2019.04.02"]
[Round "8"]
[White "CzechmVIII"]
[Black "Caterpiller35"]
[Result "0-1"]
[WhiteElo "2129"]
[BlackElo "2238"]
[TimeControl "180+2"]
[EndTime "15:49:18 PDT"]
[Termination "Caterpiller35 won by resignation"]

1. e4 c5 2. Nf3 g6 3. d4 cxd4 4.
Qxd4 Nf6 5. Nc3 Nc6 6. Qa4 d6 7. e5 dxe5 8. Nxe5 Bd7 9. Nxd7 Nxd7 10. Bb5 Bg7 11. O-O O-O 12. Re1 Nb6 13. Qh4 Bf6 14.
Bg5 Bxg5 15. Qxg5 e6 16. Qxd8 Rfxd8 17. Bxc6 bxc6 18. Rad1 Nc4 19. b3 Na3 20. Rc1 Rd2 21.
Ne4 Rxc2 22. Rxc2 Nxc2 23. Rc1 Nd4 24. Rc4 e5 25. g4 h6 26. Kg2 f5 27. gxf5 gxf5 28.
Ng3 f4 29. Ne4 Kf7 30. Ra4 Ke6 31. Ra6 f3+ 32. Kf1 Rg8 33. Rxa7 Rg2 34. Ng3 Rxh2 35.
Rh7 Kd5 36. Ke1 e4 37. a4 Nxb3 38. Re7 Nc5 39. a5 Nd3+ 40. Kd2 Nxf2 41. Ke3 Ng4+ 42. Kf4 Nf6 43. a6 Ra2 44. a7 f2 45.
Rf7 Nh5+ 46. Nxh5 0-1

[Event "*** Titled Tuesday Blitz"]
[Site "Chess.com"]
[Date "2019.04.02"]
[Round "8"]
[White "SergioGarciaFuentes"]
[Black "GMKrikor"]
[Result "0-1"]
[WhiteElo "2055"]
[BlackElo "2721"]
[TimeControl "180+2"]
[EndTime "15:49:21 PDT"]
[Termination "GMKrikor won by resignation"]

1. d4 Nf6 2. c4 e6 3. Nf3 Bb4+ 4.
Nbd2 O-O 5. g3 b6 6. Bg2 Bb7 7. O-O d5 8. cxd5 exd5 9. a3 Bd6 10. Qc2 Re8 11. e3 Nbd7 12. Nh4 g6 13. b3 Qe7 14. Bb2 a5 15. Rfe1 Rac8 16. Qd3 Ne4 17.
Nhf3 c5 18. Rec1 f6 19. Nxe4 dxe4 20. Qc4+ Kg7 21. Nd2 cxd4 22. Qb5 dxe3 23. fxe3 Bc5 24. Qe2 Kg8 25. Rf1 Rf8 26. Nxe4 Bxe4 27. Qc4+ Kg7 28. Qxe4 Bxe3+ 29. Kh1 Qxe4 30. Bxe4 Nc5 31. Bc2 Na4 32.
Bxf6+ Rxf6 33. bxa4 Rxf1+ 34. Rxf1 Rxc2 0-1

[Event "*** Titled Tuesday Blitz"]
[Site "Chess.com"]
[Date "2019.04.02"]
[Round "8"]
[White "santosalberto1987"]
[Black "Touching3200"]
[Result "1-0"]
[WhiteElo "2430"]
[BlackElo "2378"]
[TimeControl "180+2"]
[EndTime "15:49:23 PDT"]
[Termination "santosalberto1987 won by resignation"]

1. e4 c5 2. Nf3 d6 3. Bb5+ Bd7 4. Bxd7+ Nxd7 5. c4 Ngf6 6. Nc3 e5 7. O-O Be7 8. Ne1 Nf8 9. d3 Ne6 10. Nc2 O-O 11. Ne3 Nd4 12. Ned5 Nxd5 13. Nxd5 Bg5 14.
Be3 Ne6 15. Qg4 g6 16. f4 exf4 17. Nxf4 Bxf4 18. Bxf4 h5 19. Qg3 Nd4 20. Kh1 Ne2 21. Qe3 Nxf4 22. Rxf4 Qg5 23. Raf1 Rae8 24. Qf3 Re7 25.
Rf6 Qe5 26. b3 Kg7 27. h3 a6 28. Kg1 b5 29. cxb5 axb5 30. a4 bxa4 31. bxa4 Qd4+ 32. Kh1 Qxa4 33. Rxg6+ Kxg6 34. Qf6+ Kh7 35. Qxe7 Qe8 36. Qxd6 Qc8 37. Rf5 f6 38. Rxh5+ Kg6 39. Rxc5 Qb7 40.
Qxf8 1-0

[Event "*** Titled Tuesday Blitz"]
[Site "Chess.com"]
[Date "2019.04.02"]
[Round "8"]
[White "gonzaga23"]
[Black "tteshan"]
[Result "1-0"]
[WhiteElo "2353"]
[BlackElo "2192"]
[TimeControl "180+2"]
[EndTime "15:49:29 PDT"]
[Termination "gonzaga23 won by resignation"]

1. e4 d6 2. d4 Nf6 3. Nc3 Nbd7 4. Be2 e5 5. dxe5 dxe5 6. Bg5 Be7 7. Nf3 c6 8. O-O Qc7 9. Re1 b5 10. a3 h6 11. Bxf6 Nxf6 12. Bd3 Bg4 13. Qe2 Nh5 14. Qe3 Nf4 15. Ne2 Bxf3 16. Nxf4 Bg4 17. Qg3 h5 18. Ne2 Bd6 19. h3 Bxe2 20. Rxe2 f6 21.
c3 Bc5 22. a4 h4 23. Qg6+ Qf7 24. Qxf7+ Kxf7 25. axb5 cxb5 26. Bxb5 Rab8 27. Bc4+ Ke7 28. b4 Bb6 29. Bd5 Rhc8 30. c4 Bd4 31. Ra4 Rc7 32. Rea2 g5 33. c5 Bc3 34. Rxa7 Kd8 35.
Rxc7 Kxc7 36. Ra7+ Kd8 37. c6 Rxb4 38. c7+ Kd7 39.
Be6+ Kxe6 40. c8=Q+ Kd6 41. Rd7+ 1-0

[Event "*** Titled Tuesday Blitz"]
[Site "Chess.com"]
[Date "2019.04.02"]
[Round "8"]
[White "StephenDedalus83"]
[Black "albi1999"]
[Result "1-0"]
[WhiteElo "2667"]
[BlackElo "2633"]
[TimeControl "180+2"]
[EndTime "15:49:34 PDT"]
[Termination "StephenDedalus83 won by resignation"]

1. e4 e5 2. Nf3 Nc6 3. Bb5 a6 4. Ba4 Nf6 5. O-O b5 6. Bb3 Be7 7. Re1 d6 8. c3 O-O 9. h3 Na5 10. Bc2 c5 11. d4 Qc7 12. Nbd2 cxd4 13. cxd4 Nc6 14. a3 exd4 15. Nb3 Bd7 16. Bf4 Ne5 17. Nbxd4 Rac8 18. Bb3 Nc4 19. Re2 Rfe8 20. Rc1 Qb7 21. Qe1 Bf8 22. e5 Nd5 23. Bg3 dxe5 24. Nxe5 Ndb6 25.
Nxd7 Qxd7 26. Rd1 Rcd8 27. Ne6 Qxe6 28. Rxe6 Rxe6 29. Qf1 Rxd1 30. Qxd1 g6 31. Qd8 Kg7 32. Bc7 Be7 33. Qb8 h5 34. Qb7 Na4 35. Bxa4 bxa4 36.
Qd5 Nxb2 37. Be5+ Bf6 38. Bxf6+ Rxf6 39. Qd4 Nd1 40. Qxd1 Kh7 41. Qxa4 1-0